Match 46793086
Unlisted

Match 46793086
End
Engineer Squad
Construct Weapon Support Center
Selects Heavy Weapons
M1919 Machine Gun Team
M1919 Machine Gun Team
M1919 Machine Gun Team
Infantry Support Center
Selects Assault Carriers
Engineer Squad
M3 Assault Carrier
M1919 Machine Gun Team
M3 Assault Carrier
M3 Assault Carrier
M3 Assault Carrier
Selects Exchangeable Parts
lemerman9
gabman6
CoH3Master
Peanutbutta
tublie
憨八龟
verige维吉尔
ZombiesSquad
0
0

Comments sign in to comment!

No comments posted yet!